 Dungeon Crawl Stone Soup version 0.30-a0-702-gdf48620a09 (webtiles) character file.

Game seed: 16144227807257696348

168 holysushi the Trooper (level 5, 0/57 HPs)
             Began as an Ogre Berserker on Jan 21, 2023.
             Was a Priest of Trog.
             Slain by a goblin
             ... wielding a +0 dagger of venom
             ... led by Robin
              (2 damage)
             ... on level 4 of the Dungeon.
             The game lasted 00:02:44 (3333 turns).

holysushi the Trooper (Ogre Berserker)              Turns: 3333, Time: 00:02:45

Health: 0/57       AC:  4    Str: 23    XL:     5   Next: 48%
Magic:  5/5        EV: 10    Int:  8    God:    Trog [***...]
Gold:   91         SH:  0    Dex:  8    Spells: 4/4 levels left

rFire   . . .      SeeInvis .    h - +0 flail
rCold   . . .      Faith    .    (no shield)
rNeg    . . .      Spirit   .    b - +1 animal skin
rPois   .          Reflect  .    (helmet restricted)
rElec   .          Harm     .    (no cloak)
rCorr   .          Rampage  .    (gloves unavailable)
Will    .....                    (boots unavailable)
Stlth   +                        (no amulet)
HPRegen 0.29/turn                (no ring)
MPRegen 0.09/turn                (no ring)

@: lethally poisoned (0 -> -21)
A: large, unfitting armour, tough skin 1
a: Renounce Religion, Berserk, Trog's Hand


You were on level 4 of the Dungeon.
You worshipped Trog.
Trog was most pleased with you.
You visited 1 branch of the dungeon, and saw 4 of its levels.

You collected 116 gold pieces.
You spent 25 gold pieces at shops.

Inventory:

Hand Weapons
 a - a +0 mace
 h - a +0 flail (weapon)
Armour
 b - a +1 animal skin (worn)
Scrolls
 d - 2 scrolls of amnesia {unknown}
 e - a scroll of enchant weapon
 g - a scroll of magic mapping
 i - 4 scrolls of identify
 n - a scroll of teleportation {unknown}
Potions
 c - 3 potions of brilliance {unknown}
 f - a potion of degeneration {unknown}
 j - a potion of attraction {unknown}
 k - a potion of mutation {unknown}
 l - a potion of flight {unknown}
 m - a potion of heal wounds {unknown}


   Skills:
 + Level 5.5 Fighting
 * Level 4.7 Maces & Flails
 - Level 2.6 Dodging


You had 4 spell levels left.
You didn't know any spells.
Your spell library was empty.

Dungeon Overview and Level Annotations

Branches:
Dungeon (4/15) Zot: 20583
 Temple: D:4-7

Altars:
Dithmenos
Xom

Shops:
D:2 *

Annotations:
D:4 Robin; p00ps00p's ghost, amateur HOFi


Innate Abilities, Weirdness & Mutations

You are too large for most types of armour.
You have tough skin. (AC +1)


Message History

The goblins go into a battle-frenzy!
The goblin hits you but does no damage. The goblin closely misses you.
The goblin hits you with a +0 dagger. The hobgoblin barely misses you.
Robin throws the goblin at you! The goblin hits you but does no damage.
You are poisoned.
The goblin barely misses you. x2
Things that are here:
a +0 club; a +0 sling; a goblin corpse You closely miss the goblin.
You feel sick. The goblin hits you but does no damage.
The goblin hits you with a +0 dagger. The hobgoblin hits you.
The goblin closely misses you. The goblin barely misses you.
The goblin hits you with a +0 club.
You hit the goblin.
The goblin is severely wounded.
You feel sick. The goblin barely misses you.
The goblin hits you with a +0 dagger. The hobgoblin hits you.
* * * LOW HITPOINT WARNING * * *
The goblin hits you but does no damage.
The goblin hits you with a +0 dagger of venom.
* * * LOW HITPOINT WARNING * * *
You are lethally poisoned!
The goblin hits you but does no damage. The goblin hits you with a +0 club.
* * * LOW HITPOINT WARNING * * *
The goblin closely misses you.
The hobgoblin hits you but does no damage.
The goblin hits you but does no damage.
You are more poisoned.
The goblin hits you but does no damage. The goblin closely misses you.
The goblin hits you but does no damage. The goblin hits you with a +0 dagger.
* * * LOW HITPOINT WARNING * * *
You hit the goblin.
You kill the goblin!
Trog accepts your kill.
* * * LOW HITPOINT WARNING * * *
You feel extremely sick. The goblin hits you but does no damage.
The hobgoblin barely misses you. The goblin hits you but does no damage.
The goblin barely misses you. x2
The goblin hits you but does no damage.
The goblin hits you with a +0 dagger of venom.
You die...

..........##
......:......
............#
............#.#
............#.#
..........[.#.#
............#.#
......wggg..#.#
......gg@g..#.#
.......gg).)#.##
........g..#...#
........####...##
......###
#..#..## ...###
#..###).# ###
#..# ##.## #####
#..# #..###....
#..# ##.....#..


You could see Robin, a dart slug, 2 hobgoblins and 6 goblins.

Vanquished Creatures
  An orc priest (D:4)
  3 gnolls (D:3)
  3 adders (D:3)
  A dart slug (D:1)
  4 orcs
  4 ball pythons
  6 bats
  3 endoplasms
  4 giant cockroaches
  7 goblins
  10 hobgoblins
  2 jackals (D:1)
  6 kobolds
  3 quokkas
  12 frilled lizards
  7 rats
76 creatures vanquished.

Vanquished Creatures (others)
  7 plants
7 creatures vanquished.

Grand Total: 83 creatures vanquished

Notes
Turn   | Place    | Note
-------+----------+-------------------------------------------
     0 | D:1      | holysushi the Ogre Berserker began the quest for the Orb.
     0 | D:1      | Reached XP level 1. HP: 24/24 MP: 1/1
   183 | D:1      | Reached XP level 2. HP: 21/32 MP: 2/2
   660 | D:1      | Found a faded altar of an unknown god.
   955 | D:1      | Reached XP level 3. HP: 23/40 MP: 3/3
  1253 | D:2      | Reached ** piety under Trog
  1511 | D:2      | Found Zibenab's Assorted Antiques.
  1526 | D:2      | Bought a scroll labelled GEHICK OSICYKHOF for 25 gold
                  | pieces
  1606 | D:2      | Found a shimmering altar of Xom.
  2248 | D:3      | Found a shadowy altar of Dithmenos.
  2273 | D:3      | Reached XP level 4. HP: 38/49 MP: 4/4
  2362 | D:3      | Reached skill level 5 in Fighting
  2727 | D:3      | Reached XP level 5. HP: 20/57 MP: 5/5
  3268 | D:4      | Noticed an ice beast
  3268 | D:4      | Noticed p00ps00p's ghost (amateur HOFi)
  3300 | D:4      | Reached *** piety under Trog
  3324 | D:4      | Noticed Robin
  3333 | D:4      | HP: 2/57 [poisoned by a goblin]
  3333 | D:4      | Slain by a goblin

Illustrated notes

Levels and vault maps discovered:
D:1:      amcnicky_arrival_choice, layout_basic,
          ebering_ecumenical_altar_abandoned, minmay_lizard_king
D:2:      layout_basic, basic_altar, serial_shops,
          nicolae_shop_overgrown_old_shop
D:3:      layout_basic, grunt_dithmenos_smoke, minmay_large_rounded_square,
          minmay_goblin_kobold_house
D:4:      layout_cave_pods, temple_green, gammafunk_ghost_icy, hex_tiny,
          serial_park_tiny_pond, minmay_misc_feat_rugged,
          ebering_dispersal_statue_hall, uniq_robin

Skill      XL: |  1  2  3  4 |
---------------+-------------+-----
Maces & Flails | 3 4 |  4.7
Fighting       | 5 |  5.5
Dodging        | |  2.6

Action                   |  1- 3 |  4- 6 || total
-------------------------+-------+-------++-------
Melee: Mace              |   179 |    19 ||   198
       Punch             |     1 |     3 ||     4
       Flail             |       |    70 ||    70
Invok: Berserk           |       |     2 ||     2
  Use: Scroll            |     4 |       ||     4
Armor: Animal skin       |    72 |    43 ||   115
Dodge: Dodged            |   130 |    65 ||   195

Table legend: (Time is in decaauts)
 A = Elapsed time spent in this place.
 B = Non-inter-level travel time spent in this place.
 C = Inter-level travel time spent in this place.
 D = Time resting spent in this place.
 E = Time spent auto-exploring this place.
 F = Levels seen in this place.
 G = Mean time per level.
                   A        B        C        D        E       F      G
               +--------+--------+--------+--------+--------+-----+--------+
         Total |   3415 |   3325 |     90 |    251 |   2425 |   4 |  853.8 |
       Dungeon |   3415 |   3325 |     90 |    251 |   2425 |   4 |  853.8 |
               +--------+--------+--------+--------+--------+-----+--------+

Top non-repeatable levels by time:
     D:2: 1339 daAuts
     D:1: 1125 daAuts
     D:3: 831 daAuts
     D:4: 118 daAuts
